 Dungeon Crawl Stone Soup version 0.28-a0-969-g2dcde036d2 (webtiles) character file.

Game seed: 1437543953345739773

88 GregHouse the Chopper (level 4, -2/40 HPs)
             Began as a Hill Orc Monk on Dec 1, 2021.
             Killed by nerve-wracking pain
             ... invoked by Grinder
              (11 damage)
             ... on level 3 of the Dungeon.
             The game lasted 00:16:36 (4103 turns).

GregHouse the Chopper (Hill Orc Monk)               Turns: 4103, Time: 00:16:37

Health: -2/40      AC: 10    Str: 15    XL:     4   Next: 54%
Magic:  4/4        EV:  4    Int: 10    God:
Gold:   83         SH:  0    Dex: 13    Spells: 3/3 levels left

rFire   . . .      SeeInvis .   a - +0 hand axe
rCold   . . .      Faith    .   (no shield)
rNeg    . . .      Spirit   .   j - +0 plate armour
rPois   .          Reflect  .   (no helmet)
rElec   .          Harm     .   (no cloak)
rCorr   .          Rampage  .   (no gloves)
Will    .....                   (no boots)
Stlth   ..........              (no amulet)
HPRegen 0.13/turn               (no ring)
MPRegen 0.09/turn               (no ring)

@: no status effects
A: no striking features
a: no special abilities


You were on level 3 of the Dungeon.
You visited 1 branch of the dungeon, and saw 3 of its levels.

You collected 83 gold pieces.

Inventory:

Hand Weapons
 a - a +0 hand axe (weapon)
 b - a +0 club
 d - a +0 club
 g - a +0 hunting sling
Armour
 j - a +0 plate armour (worn)
Scrolls
 h - 2 scrolls of blinking {unknown}
 k - a scroll of immolation {unknown}
Potions
 c - a potion of lignification {unknown}
 e - a potion of curing {unknown}
 f - a potion of heal wounds {unknown}
 i - 2 potions of haste {unknown}
 l - 2 potions of ambrosia {unknown}


   Skills:
 + Level 4.2 Fighting
 * Level 6.0 Axes
 + Level 1.1 Armour
 - Level 2.4 Dodging
 + Level 1.7 Stealth


You had 3 spell levels left.
You didn't know any spells.
Your spell library contained the following spells:

 Spells                   Type           Power      Damage    Failure   Level
 Magic Dart               Conj           0%         1d3       100%        1
 Searing Ray              Conj           0%         2d4       100%        2
 Fulminant Prism          Conj/Hex       0%         3d6       100%        4


Dungeon Overview and Level Annotations

Branches:
Dungeon (3/15)

Altars:

Annotations:
D:2 1 exclusion, Terence
D:3 Grinder


Message History

* * * LOW HITPOINT WARNING * * *
You writhe in agony.
* * * LOW HITPOINT WARNING * * *
You hit Grinder but do no damage.
Grinder is lightly wounded.
You hit the orc but do no damage. The orc hits you with a +0 mace.
* * * LOW HITPOINT WARNING * * *
Grinder blinks!
You hit the orc but do no damage. The orc barely misses you.
You hit the orc.
The orc is moderately wounded.
The orc barely misses you.
You closely miss the orc.
The orc is moderately wounded.
The orc hits you with a +0 mace.
* * * LOW HITPOINT WARNING * * *
Grinder blinks!
You hit the orc.
The orc is severely wounded.
The orc hits you but does no damage.
You hit the orc.
You kill the orc!
Items here: ( ) [ †.
Grinder blinks!
You start resting.
Grinder is nearby!
Grinder gestures at you.
You suddenly lose the ability to move!
You can move again.
You hit Grinder.
Grinder is lightly wounded.
Grinder blinks!
Grinder gestures at you. You resist with significant effort.
Grinder hits you but does no damage.
You hit Grinder.
Grinder is moderately wounded.
Grinder gestures at you. Pain shoots through your body!
You die...

#....5..........#####
#.# #..###.#######..#
#.# #. #.# #..# #.#
##..###.#### #..# #.#
.......)...####..# #.#
##...............# #.#
...........#####.# #.#
##.#######.# #.# #.# #
######@#####.#######.#
........5.............#
#######.#####.#########
#.# #.# #.# #.# ### ###


You could see Grinder.

Vanquished Creatures
  3 adders (D:2)
  An orc (D:3)
  5 ball pythons
  5 bats
  7 endoplasms
  3 giant cockroaches
  8 goblins
  5 hobgoblins
  4 jackals (D:2)
  2 kobolds (D:2)
  3 quokkas
  4 frilled lizards (D:1)
  4 rats
54 creatures vanquished.

Notes
Turn   | Place    | Note
-------+----------+-------------------------------------------
     0 | D:1      | GregHouse the Hill Orc Monk began the quest for the Orb.
     0 | D:1      | Reached XP level 1. HP: 19/19 MP: 1/1
   312 | D:1      | Noticed a shining eye
   314 | D:1      | Found a faded altar of an unknown god.
   316 | D:1      | Noticed a shining eye
   316 | D:1      | Noticed a golden eye
   316 | D:1      | Noticed a golden eye
   581 | D:1      | Reached XP level 2. HP: 27/27 MP: 2/2
   957 | D:1      | Reached skill level 5 in Axes
  1103 | D:1      | Reached XP level 3. HP: 32/33 MP: 3/3
  2279 | D:2      | Reached XP level 4. HP: 38/40 MP: 4/4
  2515 | D:2      | Noticed Terence
  3001 | D:2      | Reached skill level 1 in Armour
  3097 | D:2      | Reached skill level 6 in Axes
  4050 | D:3      | Noticed Grinder
  4051 | D:3      | Paralysed by Grinder for 3 turns
  4092 | D:3      | Paralysed by Grinder for 3 turns
  4103 | D:3      | Killed from afar by Grinder

Illustrated notes

Levels and vault maps discovered:
D:1:      lemuel_arrival_funnel, layout_loops_ring,
          hellmonk_ecumenical_altar_watching_god, hangedman_decor_opposing,
          minmay_door_square, grunt_decor_fettered, amcnicky_mini_pool_small
D:2:      layout_loops_corners, uniq_terence
D:3:      layout_basic, serial_curves, eino_curves_01, eino_curves_04,
          uniq_grinder

Skill      XL: |  1  2  3  4 |
---------------+-------------+-----
Fighting       | 4 |  4.2
Axes           | 5 6 |  6.0
Armour         | 1 |  1.1
Dodging        | |  2.4
Stealth        | |  1.7

Action                   |  1- 3 |  4- 6 || total
-------------------------+-------+-------++-------
Melee: Hand axe          |   155 |    99 ||   254
 Stab: Sleeping          |     2 |       ||     2
Armor: Robe              |     3 |       ||     3
       Leather armour    |    15 |       ||    15
       Plate armour      |    60 |    83 ||   143
Dodge: Dodged            |    57 |    27 ||    84

Table legend: (Time is in decaauts)
 A = Elapsed time spent in this place.
 B = Non-inter-level travel time spent in this place.
 C = Inter-level travel time spent in this place.
 D = Time resting spent in this place.
 E = Time spent auto-exploring this place.
 F = Levels seen in this place.
 G = Mean time per level.
                   A        B        C        D        E       F      G
               +--------+--------+--------+--------+--------+-----+--------+
         Total |   4121 |   4071 |     50 |   1504 |   1086 |   3 | 1373.7 |
       Dungeon |   4121 |   4071 |     50 |   1504 |   1086 |   3 | 1373.7 |
               +--------+--------+--------+--------+--------+-----+--------+

Top non-repeatable levels by time:
     D:1: 2093 daAuts
     D:2: 1554 daAuts
     D:3: 474 daAuts
